 Dungeon Crawl Stone Soup version 0.19.4 (webtiles) character file.

1794 dngmouse the Arsonist (level 8, -9/70 HPs)
             Began as a Red Draconian Artificer on Feb 3, 2017.
             Was a Believer of Okawaru.
             Mangled by Menkaure (10 damage)
             ... on level 6 of the Dungeon.
             The game lasted 00:21:34 (6276 turns).

dngmouse the Arsonist (Red Draconian Artificer)     Turns: 6276, Time: 00:21:34

Health: -9/70      AC:  8    Str: 15    XL:     8   Next: 82%
Magic:  0/12       EV: 16    Int: 11    God:    Okawaru [**....]
Gold:   345        SH:  0    Dex: 14    Spells: 1 memorised, 5 levels left

rFire  + + .     SeeInvis .     e - +1 dagger (venom)
rCold  . . .     Gourm    .     (armour unavailable)
rNeg   . . .     Faith    .     (no shield)
rPois  .         Spirit   .     (helmet restricted)
rElec  .         Reflect  .     j - +0 cloak
rCorr  .         Harm     .     r - +0 pair of gloves
MR     .....                    (no boots)
Stlth  +++.......               (no amulet)
                                q - ring of protection from fire
                                (no ring)

@: short of breath, heroism
A: breathe fire, unfitting armour, fire resistance 1, cold-blooded, AC +6
a: Breathe Fire, Heroism, Renounce Religion


You were on level 6 of the Dungeon.
You worshipped Okawaru.
Okawaru was pleased with you.
You were hungry.

You visited 1 branch of the dungeon, and saw 6 of its levels.
You also visited: Sewer.

You collected 345 gold pieces.

Inventory:

Hand Weapons
 e - a +1 dagger of venom (weapon)
 h - a +0 falchion
 l - a +0 long sword
 p - a +4 short sword
Missiles
 g - 132 stones (quivered)
Armour
 j - a +0 cloak (worn)
 r - a +0 pair of gloves (worn)
Jewellery
 q - a ring of protection from fire (right hand)
 v - a cursed ring of loudness {unknown}
 y - an uncursed amulet of faith
 B - an uncursed amulet of harm
Wands
 a - a wand of polymorph (10/24)
 b - a wand of flame (15/48)
 c - a wand of enslavement (24/24)
 d - a wand of random effects (14/48)
 C - a wand of enslavement (2/24)
 D - a wand of polymorph (3/24)
 H - a wand of flame (21/48)
Scrolls
 i - 5 scrolls of identify
 n - 2 scrolls of recharging
 s - 3 scrolls of enchant weapon {unknown}
 t - 2 scrolls of amnesia {unknown}
 A - 6 scrolls of teleportation {unknown}
Potions
 m - a potion of agility
 z - a potion of lignification {unknown}
 E - a potion of curing
 G - a potion of flight {unknown}
Books
 o - the Reference Book on Torrid Battle Magic
   (You found it on level 3 of the Dungeon)

   Spells                             Type                      Level
   a - Shock                          Conjuration/Air              1
   b - Throw Flame                    Conjuration/Fire             2
   c - Ignite Poison                  Fire/Transmutation/Poison    3
   d - Sticky Flame                   Conjuration/Fire             4
 w - a book of Cantrips

   Spells                             Type                      Level
   a - Confusing Touch                Hexes                        1
   b - Animate Skeleton               Necromancy                   1
   c - Summon Small Mammal            Summoning                    1
   d - Apportation                    Translocation                1
Comestibles
 f - 3 bread rations
 k - a slice of pizza
 u - a meat ration
 x - 6 fruits
 F - 4 chunks of flesh


   Skills:
 - Level 6.1(11.1) Fighting
 - Level 1.3(8.0) Short Blades
 - Level 4.2(9.4) Long Blades
 - Level 1.7(6.7) Dodging
 - Level 0.8(5.8) Stealth
 * Level 8.7 Fire Magic
 - Level 5.6 Evocations


You had 5 spell levels left.
You knew the following spells:

 Your Spells              Type           Power        Failure   Level  Hunger
a - Throw Flame           Conj/Fire      #.....       12%         2    ###....


Dungeon Overview and Level Annotations

Branches:
Dungeon (6/15)
 Temple: D:4-7

Altars:
Ashenzari
Dithmenos
Elyvilon
Gozag
Nemelex Xobeh
Okawaru
Ru
Trog
Vehumet
Zin

Shops:
D:2 *   D:4 (*

Annotations:
D:6 Menkaure


Innate Abilities, Weirdness & Mutations

You can breathe blasts of fire.
Your fiery red scales are hard. (AC +6)
You cannot fit into any form of body armour.
Your flesh is heat resistant. (rF+)
You are cold-blooded and may be slowed by cold attacks.


Message History

Menkaure gestures wildly while chanting.
Menkaure seems to speed up.
You hit Menkaure but do no damage.
Menkaure is severely damaged.
Menkaure calls on the powers of darkness!
Your body is wracked with pain!
* * * LOW HITPOINT WARNING * * *
You gain the combat prowess of a mighty hero.
Menkaure casts a spell at you. Pain shoots through your body!
* * * LOW HITPOINT WARNING * * *
You can't do that yet.
Unknown command.
You hit Menkaure.
Your tail-slap misses Menkaure.
Menkaure is severely damaged.
Menkaure misses you.
You barely miss Menkaure.
Menkaure is severely damaged.
Menkaure hits you!
You die...

##############.
......(.....>.
#............
#..........#
#..........#
#........).#
#).M### ####
#.#@..## #....
#......##
......##.......#
.........).....#
#.....##<.........
#.### #......#...
#........##
........##
.........#


You could see Menkaure.

Vanquished Creatures
  Pikel (D:4)
  Sigmund (D:3)
  Duvessa (D:4)
  3 ogres
  A bullfrog (Sewer)
  Dowan (D:4)
  A howler monkey (D:5)
  3 orc priests
  2 hounds (D:5)
  4 orc wizards
  An iguana (D:5)
  2 worker ants (D:4)
  Ijyb (D:3)
  10 gnolls (D:5)
  10 adders
  4 worms
  5 dart slugs
  8 leopard geckos
  12 orcs
  10 giant cockroaches
  6 goblins
  9 hobgoblins
  7 jackals
  3 quokkas
  3 ball pythons
  8 bats
  6 frilled lizards
  2 jackal skeletons
  5 kobolds
  8 rats
138 creatures vanquished.

Vanquished Creatures (collateral kills)
  A bat (D:1)
1 creature vanquished.

Vanquished Creatures (others)
  A kobold (D:1)
1 creature vanquished.

Grand Total: 140 creatures vanquished

Notes
Turn   | Place    | Note
-------+----------+-------------------------------------------
     0 | D:1      | dngmouse the Draconian Artificer began the quest for the Orb.
     0 | D:1      | Reached XP level 1. HP: 16/16 MP: 3/3
   296 | D:1      | Found an iron altar of Okawaru.
   307 | D:1      | Became a worshipper of Warmaster Okawaru
   334 | D:1      | Reached XP level 2. HP: 5/24 MP: 4/4
  1262 | D:2      | Reached XP level 3. HP: 30/30 MP: 5/5
  1287 | D:2      | Found a white marble altar of Elyvilon.
  1806 | D:2      | Found Zin's Purification Station.
  1819 | D:2      | Found a glowing silver altar of Zin.
  1938 | D:2      | Found a radiant altar of Vehumet.
  1959 | D:2      | Reached skill level 1 in Long Blades
  2223 | D:3      | Reached XP level 4. HP: 28/38 MP: 6/6
  2373 | D:3      | Identified the Reference Book on Torrid Battle Magic
  2602 | D:3      | Found a sparkling altar of Nemelex Xobeh.
  2608 | D:3      | Reached XP level 5. HP: 46/46 MP: 7/7
  2643 | D:3      | Reached * piety under Okawaru
  2751 | D:3      | Noticed Sigmund
  2783 | D:3      | Killed Sigmund
  2783 | D:3      | Reached XP level 6. HP: 29/55 MP: 7/9
  3025 | D:3      | Found a shattered altar of Ashenzari.
  3025 | D:3      | Found a faded altar of an unknown god.
  3030 | D:3      | Found a faded altar of an unknown god.
  3034 | D:3      | Found a faded altar of an unknown god.
  3036 | D:3      | Found a faded altar of an unknown god.
  3086 | D:3      | Noticed Ijyb
  3095 | D:3      | Killed Ijyb
  3095 | D:3      | Reached skill level 5 in Fighting
  3356 | D:4      | Found a bloodstained altar of Trog.
  3366 | D:4      | Found Gozag's Platinum Reserve.
  3368 | D:4      | Found an opulent altar of Gozag.
  3447 | D:4      | Found a shadowy altar of Dithmenos.
  3524 | D:4      | Found Piggu's Weapon Emporium.
  3615 | D:4      | Found a glowing drain.
  3616 | D:4      | Noticed Duvessa
  3755 | D:4      | Noticed Dowan
  3771 | D:4      | Killed Duvessa
  3793 | D:4      | Killed Dowan
  3793 | D:4      | Your scales start taking on a fiery red colour.
  3793 | D:4      | Reached XP level 7. HP: 47/62 MP: 10/10
  3793 | D:4      | Gained mutation: Your flesh is heat resistant. (rF+) [Red Draconian growth]
  3873 | Sewer    | Entered a sewer
  3987 | Sewer    | Learned a level 2 spell: Throw Flame
  4290 | Sewer    | Reached skill level 1 in Fire Magic
  4529 | D:4      | Noticed Pikel
  4566 | D:4      | Killed Pikel
  4566 | D:4      | Reached skill level 4 in Fire Magic
  4566 | D:4      | Reached skill level 5 in Evocations
  4566 | D:4      | Reached XP level 8. HP: 59/70 MP: 6/12
  4600 | D:4      | Found a sacrificial altar of Ru.
  4601 | D:4      | Reached skill level 5 in Fire Magic
  4896 | D:4      | Reached ** piety under Okawaru
  4978 | D:5      | Entered Level 5 of the Dungeon
  5118 | D:5      | Reached skill level 6 in Fire Magic
  5451 | D:5      | Reached skill level 7 in Fire Magic
  6168 | D:5      | Reached skill level 8 in Fire Magic
  6255 | D:6      | Noticed Menkaure
  6274 | D:6      | HP: 1/70 [Menkaure/nerve-wracking pain (14)]
  6276 | D:6      | Mangled by Menkaure

Skill      XL: |  1  2  3  4  5  6  7  8 |
---------------+-------------------------+-----
Fighting       | 2 3 4 5 6 |  6.1
Long Blades    | 1 2 3 4 |  4.2
Evocations     | 4 5 |  5.6
Fire Magic     | 4 8 |  8.7
Short Blades   | |  1.3
Dodging        | |  1.7
Stealth        | |  0.8

Action                   |  1- 3 |  4- 6 |  7- 9 || total
-------------------------+-------+-------+-------++-------
Melee: Short sword       |    24 |       |       ||    24
       Tailslap          |    14 |    21 |    29 ||    64
       Dagger            |    97 |   138 |   191 ||   426
       Unarmed           |       |     3 |    10 ||    13
Throw: Stone             |     2 |       |       ||     2
 Cast: Throw Flame       |       |       |    20 ||    20
Invok: Heroism           |       |       |     1 ||     1
 Abil: Breathe Fire      |       |       |     8 ||     8
Evoke: Wand              |     1 |     1 |       ||     2
  Use: Potion            |     1 |     4 |       ||     5
       Scroll            |     4 |       |     2 ||     6
 Stab: Sleeping          |     4 |     4 |     2 ||    10
  Eat: Chunk             |     3 |     6 |    12 ||    21
Armor: Skin              |    43 |    30 |    57 ||   130
Dodge: Dodged            |    79 |    61 |    98 ||   238
